 Dungeon Crawl Stone Soup version 0.30-a0-652-gcc886f7154 (webtiles) character file.

Game seed: 10796505196717004594

12392 wormed the Transmogrifier (level 11, -6/133 HPs)
             Began as an Octopode Warper on Jan 18, 2023.
             Was an Initiate of Gozag.
             Mangled by a death yak (21 damage)
             ... on level 9 of the Dungeon.
             The game lasted 00:18:33 (10933 turns).

wormed the Transmogrifier (Octopode Warper)        Turns: 10933, Time: 00:18:34

Health: -6/133     AC:  9    Str: 10    XL:     11   Next: 92%
Magic:  23/23      EV: 15    Int: 21    God:    Gozag
Gold:   857        SH:  0    Dex: 25    Spells: 17/26 levels left

rFire   x . .      SeeInvis +      - Unarmed
rCold   + + +      Faith    .    (shield currently unavailable)
rNeg    . . .      Spirit   .    (helmet currently unavailable)
rPois   +          Reflect  .    a - amulet of Qasoynnuu {Will+ Regen+ Dex+2 Slay+3 SInv}
rElec   .          Harm     .    f - ring of protection from cold
rCorr   .          Rampage  .    u - +6 ring of dexterity
Will    +....                    t - +6 ring of dexterity Stlth
                                 I - ring of poison resistance
HPRegen 1.22/turn                (no ring)
MPRegen 0.18/turn                (no ring)
                                 (no ring)
                                 (no ring)

@: berserking, ice-form, gold aura, very quick
A: freezing attack, boosted hp, almost no armour, amphibious, 8 rings, large,
(camouflage 1), (gelatinous body 1), (nimble swimmer 1), (tentacles)
a: End Transformation, Renounce Religion, Potion Petition, Call Merchant, Bribe
Branch


You were on level 9 of the Dungeon.
You worshipped Gozag.
Gozag was pleased with you.
You were a creature of crystalline ice.
You visited 3 branches of the dungeon, and saw 14 of its levels.

You collected 2180 gold pieces.
You spent 126 gold pieces at shops.
You paid 1197 gold pieces to Gozag.

Inventory:

Missiles
 o - 37 poisoned darts
 z - a curare-tipped dart
 C - 4 atropa-tipped darts
Jewellery
 a - the amulet of Qasoynnuu (around neck) {Will+ Regen+ Dex+2 Slay+3 SInv}
   (You acquired it on level 1 of the Dungeon)

   [amulet of regeneration]

   Dex:       It affects your dexterity (+2).
   Slay:      It affects your accuracy & damage with ranged weapons and melee
   (+3).
   SInv:      It lets you see invisible.
   Regen:     It increases your rate of health regeneration.
   Will:      It increases your willpower.
 f - a ring of protection from cold (left front paw)
 t - a +6 ring of dexterity (on tentacle)
 u - a +6 ring of dexterity (right front paw)
 I - a ring of poison resistance (on tentacle)
Wands
 y - a wand of roots (6)
 F - a wand of flame (24)
Scrolls
 i - 3 scrolls of fog
 j - 4 scrolls of amnesia
 l - 6 scrolls of teleportation
 m - a scroll of summoning
 q - 2 scrolls of fear
 r - 2 scrolls of poison
 s - 3 scrolls of enchant armour {unknown}
 A - a scroll of brand weapon {unknown}
 E - a scroll of magic mapping {unknown}
 G - 2 scrolls of silence {unknown}
 H - 3 scrolls of enchant weapon {unknown}
Potions
 b - 2 potions of cancellation
 c - 4 potions of mutation
 d - 4 potions of curing
 e - 2 potions of brilliance
 g - 4 potions of lignification
 h - a potion of attraction
 n - 2 potions of ambrosia
 v - 3 potions of haste
 D - a potion of magic


   Skills:
 + Level 6.6 Fighting
 - Level 1.0 Throwing
 + Level 6.7 Dodging
 + Level 6.5 Unarmed Combat
 + Level 8.1 Spellcasting
 - Level 3.0 Translocations
 * Level 11.9 Transmutations
 - Level 4.0 Ice Magic


You had 17 spell levels left.
You knew the following spells:

 Your Spells              Type           Power      Damage    Failure   Level
a - Ice Form              Ice/Tmut       42%        N/A       3%          4
b - Vhi's Electric Charg  Tloc/Air       28%        N/A       13%         3
k - Blink                 Tloc           42%        N/A       3%          2

Your spell library contained the following spells:

 Spells                   Type           Power      Damage    Failure   Level
 Lesser Beckoning         Tloc           42%        N/A       3%          2
 Frozen Ramparts          Ice            50%        1d8       4%          3
 Teleport Other           Tloc           21%        N/A       7%          3
 Petrify                  Tmut/Erth      33%        N/A       7%          4
 Cigotuvi's Dreadful Rot  Necr/Pois/Air  16%        N/A       12%         2
 Poisonous Vapours        Pois/Air       16%        N/A       12%         2
 Kindle Blastsparks       Fire/Tloc/Air  24%        2d12      16%         3
 Manifold Assault         Tloc           21%        N/A       22%         4
 Mephitic Cloud           Conj/Pois/Air  8%         N/A       24%         3
 Summon Ice Beast         Ice/Summ       16%        N/A       34%         4
 Iskenderun's Mystic Bla  Conj/Tloc      14%        2d5       38%         4
 Dispel Undead            Necr           8%         3d8       61%         4
 Fulminant Prism          Conj/Hex       4%         3d5       61%         4
 Metabolic Englaciation   Hex/Ice        8%         N/A       67%         5
 Statue Form              Tmut/Erth      22%        N/A       71%         6
 Lee's Rapid Deconstruct  Erth           4%         3d5*      91%         5
 Death Channel            Necr           4%         N/A       100%        6
 Lehudib's Crystal Spear  Conj/Erth      4%         10d3      100%        8


Dungeon Overview and Level Annotations

Branches:
Dungeon (12/15)            Temple (1/1) D:4            Lair (1/5) D:9
    Orc (0/2) D:10

Altars:
Ashenzari
Cheibriados
Dithmenos
Elyvilon
Fedhas
Gozag
Hepliaklqana
Kikubaaqudgha
Makhleb
Nemelex Xobeh
Okawaru
Qazlal
Ru
Sif Muna
Trog
Vehumet
Wu Jian
Xom
Yredelemnul
Zin
The Shining One

Shops:
D:1 *   D:2 ?   D:8 *   D:10 [


Innate Abilities, Weirdness & Mutations

You are a creature of crystalline ice.
You have a powerful freezing melee attack.
Your maximum health is increased.
Your armour is entirely melded.
You are incapable of wielding weapons or throwing items.
You cannot wear most types of armour.
You are amphibious.
You can wear up to eight rings at the same time.
((Your skin changes colour to match your surroundings (Stealth+).))
((Your rubbery body absorbs attacks. (AC +1, EV +1)))
((You are camouflaged when in or above water. (Stealth+)))
((You have tentacles for arms and can constrict up to eight enemies at once.))


Message History

The death yak is moderately wounded.
The death yak gores you!
You hit the death yak. You freeze the death yak.
The death yak is moderately wounded.
The death yak gores you.
You hit the death yak but do no damage.
The death yak is moderately wounded.
You punch the death yak! You freeze the death yak.
The death yak is heavily wounded.
The death yak barely misses you.
You hit the death yak but do no damage.
The death yak is heavily wounded.
The death yak gores you!
You hit the death yak. You freeze the death yak.
The death yak is heavily wounded.
The death yak closely misses you.
You punch the death yak! You freeze the death yak.
The death yak is severely wounded.
The death yak gores you!!
* * * LOW HITPOINT WARNING * * *
You feel much better. The death yak misses you.
You hit the death yak. You freeze the death yak.
The death yak is severely wounded.
The death yak gores you!!
* * * LOW HITPOINT WARNING * * *
You feel much better. The death yak gores you!!
You completely miss the death yak.
The death yak is severely wounded.
The death yak gores you!!
* * * LOW HITPOINT WARNING * * *
You feel much better. The death yak gores you!!
* * * LOW HITPOINT WARNING * * *
As you read the scroll of fear, it crumbles to dust.
You assume a fearsome visage.
The death yak resists with almost no effort.
The death yak gores you but does no damage.
A red film seems to cover your vision as you go berserk!
You feel yourself moving faster!
You feel mighty! The death yak gores you!!
You die...
Your body crumbles into a pile of gold.

..######.#####Y.##.#.....#
### #..# #ยง.###.Y.....# #
##.# #### ###Y....# #.#
###.### ## ###'## ##.Y####
.# #....# #..Y...# .#
#....###### #......# .###
#....'....####.YY)..# .'.#
#....####.YY)#......#
.#.## #....# ####)[......#
.#..# #..>.# ###......#
.##.###....# #......#
###...'....# #......#
#####....# ######## ######


You could see a death yak.

Vanquished Creatures
  A two-headed ogre (D:10)
  5 death yaks (D:9)
  An unseen horror zombie (D:8)
  An unseen horror (D:11)
  A kobold demonologist (D:10)
  6 trolls
  A hornet (D:8)
  A shadow (D:10)
  6 yaks (D:9)
  A human (D:10)
  2 wyverns
  3 steam dragons
  A warg (D:10)
  A water moccasin (D:8)
  An acid dragon (D:11)
  4 orc warriors
  2 sky beasts (D:7)
  3 black bears
  An ice beast (D:8)
  3 centaurs
  A phantom (D:6)
  Blork the orc (D:4)
  4 kobold brigands
  2 bullfrogs
  A necrophage (D:5)
  3 scorpions
  6 wights (D:8)
  21 killer bees
  A howler monkey (D:8)
  3 jellies
  A centaur zombie (D:8)
  5 hounds
  8 orc priests
  Terence (D:2)
  4 iguanas
  13 orc wizards
  3 killer bee zombies (D:8)
  A howler monkey zombie (D:8)
  A gnoll (D:8)
  A river rat (D:4)
  6 adders
  2 shadow imps (D:6)
  2 white imps (D:7)
  A dart slug (D:1)
  59 orcs
  7 endoplasms
  3 giant cockroaches (D:1)
  10 goblins
  4 hobgoblins
  6 jackals
  3 quokkas
  9 ball pythons
  7 bats
  2 frilled lizards (D:1)
  20 kobolds
  7 rats
274 creatures vanquished.

Vanquished Creatures (others)
  An orc (D:9)
  A fungus (D:1)
  8 plants
  2 toadstools (D:2)
12 creatures vanquished.

Grand Total: 286 creatures vanquished

Notes
Turn   | Place    | Note
-------+----------+-------------------------------------------
     0 | D:1      | wormed the Octopode Warper began the quest for the Orb.
     0 | D:1      | Reached XP level 1. HP: 14/14 MP: 3/3
    16 | D:1      | Found a faded altar of an unknown god.
   155 | D:1      | Found Ofaob's Assorted Antiques.
   203 | D:1      | Reached XP level 2. HP: 10/19 MP: 5/5
   206 | D:1      | Learned a level 2 spell: Blink
   646 | D:1      | Reached XP level 3. HP: 25/25 MP: 6/6
  1054 | D:1      | Bought a scroll labelled EXAALI WUORGHOIG for 21 gold
                  | pieces
  1054 | D:1      | Bought a scroll labelled SYL XIMUCVUAQO for 21 gold pieces
  1054 | D:1      | Identified a scroll of acquirement
  1054 | D:1      | Acquired the amulet of Qasoynnuu {Will+ Regen+ Dex+2 Slay+3
                  | SInv}
  1124 | D:2      | Found Wiosikh's Magic Scroll Emporium.
  1345 | D:2      | Noticed Terence
  1379 | D:2      | Killed Terence
  1380 | D:2      | Reached skill level 1 in Transmutations
  1380 | D:2      | Reached XP level 4. HP: 28/30 MP: 7/7
  2289 | D:2      | Bought a scroll of identify for 28 gold pieces
  2289 | D:2      | Bought a scroll of identify for 28 gold pieces
  2289 | D:2      | Bought a scroll of identify for 28 gold pieces
  2329 | D:4      | Noticed Blork the orc
  2456 | D:4      | Got the Atlas of the Syncline
  2620 | D:4      | Reached XP level 5. HP: 35/35 MP: 8/8
  2625 | D:4      | Learned a level 4 spell: Ice Form
  2667 | D:4      | Reached skill level 1 in Ice Magic
  2725 | D:4      | Killed Blork the orc
  2726 | D:4      | Reached skill level 2 in Transmutations
  2777 | D:4      | Found a snail-covered altar of Cheibriados.
  2868 | D:4      | Reached XP level 6. HP: 42/42 MP: 5/10
  2951 | D:4      | Reached skill level 3 in Transmutations
  3106 | D:4      | Noticed an orc warrior
  3160 | D:4      | Reached XP level 7. HP: 46/46 MP: 2/11
  3280 | D:4      | Found a staircase to the Ecumenical Temple.
  3293 | Temple   | Entered the Ecumenical Temple
  3471 | Temple   | Became a worshipper of Gozag Ym Sagoz the Greedy
  3509 | D:5      | Entered Level 5 of the Dungeon
  4136 | D:5      | Reached skill level 4 in Transmutations
  4395 | D:6      | Noticed a steam dragon
  4564 | D:6      | Reached XP level 8. HP: 53/53 MP: 8/13
  4690 | D:6      | Reached skill level 5 in Transmutations
  4910 | D:6      | Found a broken altar of Ashenzari.
  4915 | D:6      | Saw a vision of the Shoals and the Snake Pit.
  4915 | D:6      | Noticed a sea snake
  4915 | D:6      | Noticed a merfolk siren
  4915 | D:6      | Noticed a naga sharpshooter
  4915 | D:6      | Noticed a merfolk javelineer
  4915 | D:6      | Noticed a merfolk
  4915 | D:6      | Noticed a merfolk
  4915 | D:6      | Noticed a shock serpent
  4915 | D:6      | Noticed a snapping turtle
  4915 | D:6      | Noticed a manticore
  4915 | D:6      | Noticed a naga sharpshooter
  4915 | D:6      | Noticed a water nymph
  4915 | D:6      | Noticed a manticore
  4915 | D:6      | Noticed a naga mage
  4916 | D:6      | Noticed a naga mage
  4916 | D:6      | Noticed a harpy
  4916 | D:6      | Noticed a merfolk
  4917 | D:6      | Noticed a black mamba
  4917 | D:6      | Noticed a manticore
  5156 | D:6      | Found a shimmering blue altar of Sif Muna.
  5182 | D:6      | Reached skill level 6 in Transmutations
  5472 | D:6      | Noticed a white ugly thing
  5472 | D:6      | Noticed a manticore
  5573 | D:7      | Reached skill level 5 in Spellcasting
  5573 | D:7      | Reached XP level 9. HP: 57/57 MP: 11/16
  5581 | D:7      | Reached skill level 7 in Transmutations
  5859 | D:7      | Reached skill level 8 in Transmutations
  6491 | D:8      | Reached skill level 9 in Transmutations
  6825 | D:8      | Found a shimmering altar of Xom.
  7107 | D:8      | Reached XP level 10. HP: 63/64 MP: 16/19
  7251 | D:8      | Found a white marble altar of Elyvilon.
  7441 | D:8      | Learned a level 3 spell: Vhi's Electric Charge
  7856 | D:9      | Reached skill level 10 in Transmutations
  8023 | D:9      | Identified the +0 leather armour of the Chewing Gods {rElec
                  | Int+3 Dex+4}
  8124 | D:9      | Found a staircase to the Lair.
  8393 | D:9      | Reached skill level 5 in Dodging
  8439 | D:9      | Found a burning altar of Makhleb.
  8513 | Lair:1   | Entered Level 1 of the Lair of Beasts
  8513 | Lair:1   | Noticed a death yak
  8513 | Lair:1   | Noticed a death yak
  8513 | Lair:1   | Noticed a death yak
  8513 | Lair:1   | Noticed a death yak
  8513 | Lair:1   | Noticed a death yak
  8514 | Lair:1   | Noticed a death yak
  8544 | D:10     | Entered Level 10 of the Dungeon
  8577 | D:10     | Reached skill level 5 in Fighting
  8602 | D:10     | Reached skill level 5 in Unarmed Combat
  8654 | D:10     | Noticed a kobold demonologist
  8663 | D:10     | Killed a kobold demonologist
  8698 | D:10     | Noticed a two-headed ogre
  8699 | D:10     | Found a staircase to the Orcish Mines.
  8707 | D:10     | Killed a two-headed ogre
  8708 | D:10     | Reached XP level 11. HP: 72/72 MP: 18/22
  9169 | D:10     | Found an ancient bone altar of Kikubaaqudgha.
  9170 | D:10     | Found a sacrificial altar of Ru.
  9584 | D:11     | Reached skill level 11 in Transmutations
 10170 | D:11     | Found an ornate altar of the Wu Jian Council.
 10284 | D:12     | Noticed a purple ugly thing
 10500 | D:9      | Killed a death yak
 10684 | D:9      | Killed a death yak
 10694 | D:9      | Killed a death yak
 10859 | D:9      | Killed a death yak
 10909 | D:9      | Killed a death yak
 10933 | D:9      | Mangled by a death yak

Illustrated notes

Levels and vault maps discovered:
D:1:      dpeg_arrival_castle, layout_basic, shapermc_ecumenical_altar_gd,
          serial_forest, infiniplex_forest_pool, infiniplex_forest_zigzag_2,
          infiniplex_forest_lined_2, infiniplex_forest_straight_2,
          infiniplex_forest_straight_2, serial_shops,
          nicolae_shop_competitors_out_of_business, minmay_split_cup_large
D:2:      layout_loops_ring, serial_shops, shop, serial_forest,
          infiniplex_forest_zigzag_2, infiniplex_forest_lined_room_2,
          infiniplex_forest_corner_2, infiniplex_forest_clump_double,
          infiniplex_forest_clump_diagonal, infiniplex_forest_lined_3_way,
          infiniplex_forest_lined_3_way, infiniplex_forest_clump_small,
          infiniplex_forest_lined_2, infiniplex_forest_straight_4,
          minmay_gold_behind_fungi, uniq_terence
D:3:      layout_rooms
D:4:      layout_gridville, mainiacjoe_overflow_alcove_1,
          lemuel_temple_firewalk_b, portal_sewer_entry_b, corexii_corridor_pit,
          lightli_corner_chamber, uniq_blork_the_orc
D:5:      layout_loops_ring
D:6:      kennysheep_windowed_halls, layout_basic, overflow_temple_1_default,
          grunt_ashenzari_visionary [grunt_ashenzari_visionary_shoals,
          grunt_ashenzari_visionary_snake]
D:7:      layout_cave_pools, amethyst_killhole
D:8:      layout_basic, tgw_xom, nicolae_elyvilon_peaceful_grove, serial_undead,
          serial_undead_a, serial_undead_b, serial_undead_a, serial_undead_e
D:9:      layout_roguey [special_room_orc], marbit_many_paths, lair_entry_dummy
D:10:     layout_basic, minitemple, erik_orc_4
D:11:     layout_irregular_city, pdpol_wu_jian_five_deadly_venoms
D:12:     layout_long_grid
Temple:   dpeg_chambers_temple
Lair:1:   layout_regular_city, gauntlet_entry_generic,
          gammafunk_ghost_berserking_beasts, tgw_fedhas,
          infiniplex_staircase_pool, uniq_sonja, uniq_nergalle

Skill      XL: |  1  2  3  4  5  6  7  8  9 10 11 |
---------------+----------------------------------+-----
Transmutations | 1 2 3 4 6 9 10 11 | 11.9
Dodging        | 3 4 5 6 |  6.7
Ice Magic      | 1 2 3 4 |  4.0
Fighting       | 3 4 5 6 |  6.6
Unarmed Combat | 3 4 5 6 |  6.5
Spellcasting   | 3 5 6 7 8 |  8.1
Throwing       | |  1.0
Translocations | |  3.0

Action                   |  1- 3 |  4- 6 |  7- 9 | 10-12 || total
-------------------------+-------+-------+-------+-------++-------
Melee: Unarmed           |    63 |   103 |   268 |   326 ||   760
       Constrict         |    17 |    13 |     3 |     2 ||    35
       Tentacles         |    12 |     6 |     1 |     1 ||    20
       Punch             |     1 |     1 |     1 |       ||     3
Throw: Boomerang         |     6 |     1 |       |       ||     7
       Dart              |     5 |       |       |       ||     5
 Cast: Blink             |     2 |     1 |     1 |       ||     4
       Ice Form          |       |     5 |    39 |    29 ||    73
Invok: Call Merchant     |       |       |       |     2 ||     2
Evoke: Wand              |       |     2 |       |       ||     2
  Use: Scroll            |     3 |     5 |     5 |    10 ||    23
       Potion            |       |     1 |     2 |     7 ||    10
 Stab: Sleeping          |     6 |     6 |       |       ||    12
       Distracted        |     1 |       |     2 |     2 ||     5
Armor: Skin              |     6 |    28 |    98 |    90 ||   222
Dodge: Dodged            |    41 |    61 |   172 |   216 ||   490

Table legend: (Time is in decaauts)
 A = Elapsed time spent in this place.
 B = Non-inter-level travel time spent in this place.
 C = Inter-level travel time spent in this place.
 D = Time resting spent in this place.
 E = Time spent auto-exploring this place.
 F = Levels seen in this place.
 G = Mean time per level.
                   A        B        C        D        E       F      G
               +--------+--------+--------+--------+--------+-----+--------+
         Total |  10836 |  10149 |    687 |      0 |   7975 |  14 |  774.0 |
       Dungeon |  10636 |   9977 |    659 |      0 |   7827 |  12 |  886.3 |
        Temple |    191 |    163 |     28 |      0 |    148 |   1 |  191.0 |
          Lair |      7 |      7 |      0 |      0 |      0 |   1 |    7.0 |
               +--------+--------+--------+--------+--------+-----+--------+

Top non-repeatable levels by time:
     D:9: 1552 daAuts
     D:6: 1241 daAuts
     D:8: 1237 daAuts
     D:1: 1085 daAuts
    D:10: 1012 daAuts
     D:4: 871 daAuts
    D:11: 860 daAuts
     D:2: 809 daAuts
     D:5: 788 daAuts
     D:7: 628 daAuts
     D:3: 548 daAuts
  Temple: 191 daAuts
  Lair:1: 7 daAuts
    D:12: 1 daAuts
